 Dungeon Crawl Stone Soup version 0.30-a0-29-g142975f185 (webtiles) character file.

Game seed: 15959110926298614791

8500 zishaf the Party-goer (level 11, -2/59 HPs)
             Began as a Vine Stalker Brigand on Aug 26, 2022.
             Was a Follower of Uskayaw.
             Slain by a white ugly thing (28 damage)
             ... on level 9 of the Dungeon.
             The game lasted 00:15:59 (7767 turns).

zishaf the Party-goer (Vine Stalker Brigand)        Turns: 7767, Time: 00:16:00

Health: -2/59      AC: 11    Str: 15    XL:     11   Next: 31%
Magic:  0/19       EV: 11    Int: 11    God:    Uskayaw [*.....]
Gold:   491        SH:  5    Dex: 21    Spells: 10/10 levels left

rFire   . . .      SeeInvis .    B - +11 morningstar of the Feather {vorpal, Str+2}
rCold   . . .      Faith    .    (no shield)
rNeg    . . .      Spirit   +    F - +0 troll leather armour
rPois   .          Reflect  +    (no helmet)
rElec   .          Harm     .    c - +1 cloak
rCorr   .          Rampage  .    k - +0 pair of gloves
Will    +....                    (no boots)
Stlth   +++++.....               m - amulet of reflection
HPRegen 1.79/turn                C - +4 ring of protection
MPRegen 0.16/turn                (no ring)

@: hasted, very quick
A: fangs 3, regeneration 1, magic shield, antimagic bite, no potion heal 2
a: Renounce Religion, Stomp


You were on level 9 of the Dungeon.
You worshipped Uskayaw.
Uskayaw was aware of your devotion.
You visited 2 branches of the dungeon, and saw 10 of its levels.

You collected 491 gold pieces.

Inventory:

Hand Weapons
 a - a +2 dagger of flaming
 b - a +3 short sword
 n - a +2 dagger
 v - a +4 dagger
 B - the +11 morningstar of the Feather (weapon) {vorpal, Str+2}
   (You found it on level 8 of the Dungeon)

   It inflicts extra damage upon your enemies.
   Str:       It affects your strength (+2).
Missiles
 d - 35 poisoned darts
 e - 4 curare-tipped darts
 h - 9 boomerangs (quivered)
Armour
 c - a +1 cloak (worn)
 k - a +0 pair of gloves (worn)
 s - a +0 ring mail
 t - a +0 robe
 D - a +2 robe of willpower
 F - a +0 troll leather armour (worn)
Jewellery
 m - an amulet of reflection (around neck)
 r - a ring of ice
 C - a +4 ring of protection (left hand)
Scrolls
 g - 3 scrolls of enchant armour
 E - a scroll of summoning {unknown}
Potions
 f - 7 potions of curing
 i - 2 potions of cancellation
 j - 2 potions of lignification
 l - a potion of haste
 o - a potion of brilliance {unknown}
 p - 3 potions of ambrosia
 q - 3 potions of degeneration {unknown}
 u - 2 potions of might {unknown}
 w - 2 potions of invisibility {unknown}
 x - a potion of berserk rage {unknown}
 z - 3 potions of heal wounds {unknown}
 A - 2 potions of flight {unknown}


   Skills:
 + Level 7.7 Fighting
 - Level 6.0(6.5) Short Blades
 + Level 3.7(5.3) Long Blades
 - Level 4.0 Throwing
 - Level 1.0 Dodging
 - Level 10.1 Stealth
 * Level 10.6 Invocations


You had 10 spell levels left.
You didn't know any spells.
Your spell library contained the following spells:

 Spells                   Type           Power      Damage    Failure   Level
 Beastly Appendage        Tmut           0%         N/A       41%         1
 Summon Small Mammal      Summ           0%         N/A       41%         1
 Static Discharge         Conj/Air       0%         3-3/arc   54%         2
 Sublimation of Blood     Necr           0%         N/A       54%         2
 Wereblood                Tmut           0%         N/A       54%         2
 Call Canine Familiar     Summ           0%         N/A       78%         3
 Dazzling Flash           Conj/Hex       0%         N/A       78%         3
 Inner Flame              Hex/Fire       0%         N/A       78%         3
 Spider Form              Tmut/Pois      0%         N/A       78%         3
 Summon Guardian Golem    Hex/Summ       0%         N/A       78%         3
 Cause Fear               Hex            0%         N/A       99%         4
 Dispel Undead            Necr           0%         3d6       99%         4
 Sticky Flame             Conj/Fire      0%         2d3       99%         4
 Agony                    Necr           0%         N/A       100%        5
 Silence                  Hex/Air        0%         N/A       100%        5
 Summon Hydra             Summ           0%         N/A       100%        7
 Discord                  Hex            0%         N/A       100%        8


Dungeon Overview and Level Annotations

Branches:
Dungeon (9/15)             Temple (1/1) D:4
   Lair: D:8-11         Orc: D:9-12

Altars:
Ashenzari
Cheibriados
Dithmenos
Gozag
Hepliaklqana
Kikubaaqudgha
Makhleb
Qazlal
Sif Muna
Uskayaw
Vehumet
Wu Jian
Xom
The Shining One


Innate Abilities, Weirdness & Mutations

You have razor-sharp teeth.
Your natural rate of healing is unusually fast.
When hurt, damage is shared between your health and your magic reserves.
Your bite disrupts and absorbs the magic of your enemies.
Potions cannot restore your health.


Message History

The bullfrog hits you but does no damage. x2
Your surroundings suddenly seem different.
You start resting.
HP restored.
You start resting.
Magic restored.
There is an open door here.
There is an open door here.
There is an open door here.
The bullfrog croaks.
You puncture the bullfrog! You bite the bullfrog.
You kill the bullfrog!
You see here a bullfrog corpse.
There is an open door, spattered with blood here.
Things that are here:
a +0 glaive; a +0 plate armour; an orc corpse
Things that are here:
a +0 short sword; a kobold corpse
There is an open door here.
A basilisk comes into view.
The manticore closely misses you. The manticore misses you.
You block the manticore's attack.
There is an open door here.
The manticore flicks its tail.
The volley of spikes hits you but does no damage.
The white ugly thing gurgles horribly!
You hear an angry hiss.
You completely miss the white ugly thing.
The white ugly thing barely misses you.
The white ugly thing bites you but does no damage.
You feel yourself speed up.
You block the white ugly thing's attack.
You bludgeon the white ugly thing!!
You bite the white ugly thing, but do no damage.
The white ugly thing is heavily wounded.
The white ugly thing bites you! The white ugly thing freezes you!!
You puncture the white ugly thing!
You bite the white ugly thing, but do no damage.
The white ugly thing is severely wounded.
The white ugly thing bites you. The white ugly thing freezes you!!
You die...

######....###########..#......
#.###..#............#†###..
##...####............#.# #..
#......###...........#.###..
#†....###.........#......
###.....#.........#......
#/###..###........#...... ?(
#.lHu.#####....#...... ##)
#..##@..###....#...... ###
#+#...#......###..#...... ..###
#..##..#.....#..#...... ....###
....#...###..##..#..###.
....))###...##..###...#...#..# #.
........###l#.....#..##...'..###.
##......'.#####..)†..##...#......
.......##...#.###)).########.....
...÷...#...##...#'#.# #.....


You could see a white ugly thing, a manticore and a basilisk.

Vanquished Creatures
  4 two-headed ogres
  Joseph (D:7)
  2 trolls (D:9)
  A slime creature (D:9)
  12 yaks
  Menkaure (D:5)
  An acid dragon (D:9)
  A water moccasin (D:5)
  2 black bears
  A sky beast (D:6)
  3 orc warriors
  A black bear (shapeshifter) (D:9)
  2 centaurs (D:6)
  2 kobold brigands (D:9)
  2 necrophages
  4 bullfrogs
  2 gnoll sergeants
  3 scorpions
  4 wights (D:5)
  3 killer bees (D:8)
  10 howler monkeys
  2 hounds (D:5)
  3 orc priests
  A jelly (D:6)
  2 gnoll boudas
  5 orc wizards
  2 iguanas
  Natasha (thrice) (D:4)
  16 gnolls
  8 adders
  An ufetubus (D:6)
  3 worms
  4 dart slugs
  22 orcs
  7 endoplasms
  4 giant cockroaches
  6 goblins
  6 hobgoblins
  4 jackals
  6 quokkas
  15 ball pythons
  6 bats
  4 frilled lizards
  13 kobolds
  A rat (D:1)
206 creatures vanquished.

Notes
Turn   | Place    | Note
-------+----------+-------------------------------------------
     0 | D:1      | zishaf the Vine Stalker Brigand began the quest for the
                  | Orb.
     0 | D:1      | Reached XP level 1. HP: 11/11 MP: 2/2
    96 | D:1      | Reached skill level 1 in Dodging
    96 | D:1      | Reached XP level 2. HP: 15/15 MP: 3/3
    98 | D:1      | Reached skill level 5 in Stealth
   321 | D:1      | Reached XP level 3. HP: 14/18 MP: 2/4
   894 | D:2      | Found a shimmering altar of Xom.
   973 | D:2      | Gained mutation: Your natural rate of healing is unusually
                  | fast. [Vine Stalker growth]
   973 | D:2      | Reached XP level 4. HP: 23/23 MP: 5/5
  1242 | D:2      | Found a faded altar of an unknown god.
  1529 | D:3      | Found a radiant altar of Vehumet.
  1592 | D:2      | Reached XP level 5. HP: 20/27 MP: 4/6
  1953 | D:3      | Found a stormy altar of Qazlal.
  1982 | D:3      | Reached XP level 6. HP: 31/32 MP: 7/7
  2620 | D:4      | Found a staircase to the Ecumenical Temple.
  2629 | Temple   | Entered the Ecumenical Temple
  2762 | Temple   | Became a worshipper of Uskayaw the Reveller
  2829 | D:4      | Reached * piety under Uskayaw
  2858 | D:4      | Found an opulent altar of Gozag.
  2858 | D:4      | Found a shadowy altar of Dithmenos.
  2864 | D:4      | Reached ** piety under Uskayaw
  2875 | D:4      | Reached *** piety under Uskayaw
  2904 | D:4      | Noticed Natasha
  2913 | D:4      | Killed Natasha
  2968 | D:4      | Noticed Natasha
  2987 | D:4      | Killed Natasha
  2988 | D:4      | Reached skill level 1 in Invocations
  2988 | D:4      | Reached XP level 7. HP: 36/36 MP: 6/8
  3120 | D:4      | Found an ancient bone altar of Kikubaaqudgha.
  3288 | D:4      | Noticed Natasha
  3297 | D:4      | Killed Natasha
  3332 | D:5      | Entered Level 5 of the Dungeon
  3698 | D:5      | Noticed Menkaure
  3709 | D:5      | Killed Menkaure
  3710 | D:5      | Gained mutation: You have razor-sharp teeth. [Vine Stalker
                  | growth]
  3710 | D:5      | Reached XP level 8. HP: 28/42 MP: 9/11
  4119 | D:6      | Reached **** piety under Uskayaw
  4202 | D:6      | Found an ornate altar of the Wu Jian Council.
  4306 | D:6      | Reached skill level 5 in Invocations
  4517 | D:6      | Reached XP level 9. HP: 20/46 MP: 4/14
  4529 | D:6      | Reached skill level 5 in Fighting
  4655 | D:6      | Reached skill level 5 in Short Blades
  5156 | D:7      | Noticed Joseph
  5180 | D:7      | Killed Joseph
  5401 | D:7      | Reached XP level 10. HP: 38/53 MP: 16/16
  5622 | D:8      | Noticed a two-headed ogre
  5648 | D:8      | HP: 1/53 [two-headed ogre/+0 giant club (12)]
  5748 | D:8      | Noticed a two-headed ogre
  5796 | D:8      | Noticed a two-headed ogre
  5875 | D:8      | Killed a two-headed ogre
  5931 | D:8      | Killed a two-headed ogre
  5932 | D:8      | Reached skill level 10 in Stealth
  6043 | D:8      | Identified the +11 morningstar of the Feather {vorpal,
                  | Str+2}
  6124 | D:8      | Killed a two-headed ogre
  6125 | D:8      | Reached skill level 1 in Long Blades
  7249 | D:9      | HP: 2/55 [yak (8)]
  7251 | D:9      | Reached ***** piety under Uskayaw
  7443 | D:9      | Reached XP level 11. HP: 31/58 MP: 13/19
  7445 | D:9      | Reached skill level 10 in Invocations
  7510 | D:9      | Noticed a two-headed ogre
  7528 | D:9      | Killed a two-headed ogre
  7635 | D:9      | Noticed a white ugly thing
  7635 | D:9      | Noticed a manticore
  7767 | D:9      | Slain by a white ugly thing

Illustrated notes

Levels and vault maps discovered:
D:1:      minmay_arrival_plants_in_alcoves, layout_loops_ring
D:2:      layout_basic, basic_altar, shapermc_ecumenical_altar_pompeii,
          minmay_pentomino_w4
D:3:      layout_basic, nicolae_vehumet_altar_sigil, grunt_qazlal_sundering,
          grunt_decor_resistance, grunt_ministairs_12, minmay_cut_off
D:4:      layout_gridville, jmf_multi_god_temple,
          mainiacjoe_overflow_small_starburst,
          minmay_temple_entry_gardened_gates, uniq_natasha
D:5:      layout_basic, minmay_diced_spiral, uniq_menkaure
D:6:      wander_river, layout_basic, pdpol_wu_jian_five_deadly_venoms,
          serial_corexii_hall, corexii_hall_statues_t, corexii_hall_statues_t,
          corexii_hall_statues_l, corexii_hall_statues_u,
          chequers_hall_statues_y, corexii_hall_statues_t, st_stairs_14
D:7:      layout_loops_ring, uniq_joseph
D:8:      layout_basic
D:9:      minmay_slanted_spiral_squares, layout_stronghold,
          kennysheep_little_box, orc_0_dummy
Temple:   nicolae_temple_figure_eight

Skill      XL: |  1  2  3  4  5  6  7  8  9 10 11 |
---------------+----------------------------------+-----
Dodging        | 1 |  1.0
Stealth        | 5 6 7 8 9 10 | 10.1
Fighting       | 2 3 4 5 7 |  7.7
Short Blades   | 2 3 4 5 6 |  6.0
Throwing       | 2 3 4 |  4.0
Invocations    | 1 3 5 7 9 10 | 10.6
Long Blades    | 2 3 |  3.7

Action                   |  1- 3 |  4- 6 |  7- 9 | 10-12 || total
-------------------------+-------+-------+-------+-------++-------
Melee: Dagger            |    68 |   272 |    26 |       ||   366
       Bite              |     7 |    83 |    88 |    46 ||   224
       Punch             |       |     3 |       |     4 ||     7
       Short sword       |       |       |   226 |    25 ||   251
       Morningstar       |       |       |       |   101 ||   101
Throw: Boomerang         |     6 |       |     3 |    16 ||    25
       Dart              |       |     3 |       |    20 ||    23
  Use: Scroll            |       |     6 |     4 |     5 ||    15
       Potion            |       |     2 |     1 |     1 ||     4
 Stab: Sleeping          |    12 |     9 |     6 |     2 ||    29
       Distracted        |       |     1 |     1 |       ||     2
       Paralysed         |       |       |    12 |    10 ||    22
Armor: Robe              |    13 |    15 |       |     7 ||    35
       Ring mail         |       |    74 |   118 |    35 ||   227
       Troll leather arm |       |       |       |    29 ||    29
Dodge: Dodged            |    37 |   136 |   132 |    78 ||   383
Block: Other             |       |       |       |    32 ||    32

Table legend: (Time is in decaauts)
 A = Elapsed time spent in this place.
 B = Non-inter-level travel time spent in this place.
 C = Inter-level travel time spent in this place.
 D = Time resting spent in this place.
 E = Time spent auto-exploring this place.
 F = Levels seen in this place.
 G = Mean time per level.
                   A        B        C        D        E       F      G
               +--------+--------+--------+--------+--------+-----+--------+
         Total |   7755 |   7437 |    318 |    445 |   5084 |  10 |  775.5 |
       Dungeon |   7593 |   7301 |    292 |    445 |   4957 |   9 |  843.7 |
        Temple |    161 |    135 |     26 |      0 |    127 |   1 |  161.0 |
               +--------+--------+--------+--------+--------+-----+--------+

Top non-repeatable levels by time:
     D:8: 1316 daAuts
     D:3: 1077 daAuts
     D:7: 864 daAuts
     D:6: 795 daAuts
     D:9: 749 daAuts
     D:5: 736 daAuts
     D:1: 728 daAuts
     D:2: 667 daAuts
     D:4: 657 daAuts
  Temple: 161 daAuts
